 Dungeon Crawl Stone Soup version 0.30.1-3-gfc49f6343a (webtiles) character file.

Game seed: 16456461821875335244

5350 shmup the Arsonist (level 10, -10/59 HPs)
             Began as a Tengu Fire Elementalist on July 19, 2023.
             Was an Initiate of Qazlal.
             Mangled by a freezing wraith (12 damage)
             ... on level 9 of the Dungeon.
             The game lasted 00:20:07 (10287 turns).

shmup the Arsonist (Tengu Fire Elementalist)       Turns: 10287, Time: 00:20:10

Health: -10/59     AC:  3    Str: 14    XL:     10   Next: 65%
Magic:  0/14       EV: 16    Int: 25    God:    Qazlal [......]
Gold:   521        SH:  5    Dex: 14    Spells: 1/13 levels left

rFire   . . .        m - +2 dire flail (holy)
rCold   . . .        (shield currently unavailable)
rNeg    . . .        a - +0 robe
rPois   .            (helmet restricted)
rElec   .            P - scarf {shadows}
rCorr   .            h - +0 pair of gloves
SInv    .            (boots unavailable)
Will    .....        u - amulet of Nobility {Reflect Rampage Str+4 SH+5 Stlth+}
Stlth   +++          g - +6 ring of intelligence
HPRegen 0.29/turn    t - ring of wizardry
MPRegen 0.14/turn

%: reflection, rampage, wizardry (x1)
@: flying quickly and evasively, slowed, very slow
A: beak, talons 3, nimble flight
a: Renounce Religion


You were on level 9 of the Dungeon.
You worshipped Qazlal.
Qazlal was noncommittal.
You visited 2 branches of the dungeon, and saw 10 of its levels.

You collected 521 gold pieces.

Inventory:

Hand Weapons
 f - a +0 dagger
 m - a +2 dire flail of holy wrath (weapon)
Missiles
 c - 4 stones (quivered)
 A - 17 poisoned darts
 V - a curare-tipped dart
Armour
 a - a +0 robe (worn)
 h - a +0 pair of gloves (worn)
 q - a +0 cloak
 D - an orb of mayhem
 P - a scarf of shadows (worn)
Magical Staves
 k - a staff of earth
 B - a staff of cold
Jewellery
 g - a +6 ring of intelligence (left hand)
 t - a ring of wizardry (right hand)
 u - the amulet of Nobility (around neck) {Reflect Rampage Str+4 SH+5 Stlth+}
   (You found it on level 5 of the Dungeon)

   [amulet of reflection]

   It reflects blocked missile attacks.
   Str:       It affects your strength (+4).
   SH:        It affects your SH (+5).
   Rampage:   It bestows one free step when moving towards enemies.
   Stlth:     It makes you more stealthy.
Wands
 r - a wand of digging (5)
 x - a wand of flame (28)
 H - a wand of roots (7)
 O - a wand of acid (2)
 Q - a wand of polymorph (8)
 S - a wand of charming (5)
Scrolls
 d - 2 scrolls of blinking
 j - 2 scrolls of immolation
 l - a scroll of butterflies {unknown}
 v - 2 scrolls of vulnerability
 y - a scroll of enchant armour {unknown}
 z - 3 scrolls of teleportation
 C - a scroll of enchant weapon {unknown}
 F - a scroll of brand weapon {unknown}
 I - 2 scrolls of amnesia
 J - a scroll of poison {unknown}
 L - 4 scrolls of fog {unknown}
 M - a scroll of magic mapping {unknown}
 N - a scroll of fear {unknown}
 T - a scroll of torment {unknown}
 U - a scroll of silence {unknown}
 W - a scroll of identify
Potions
 b - 2 potions of magic
 e - 2 potions of lignification
 i - 4 potions of heal wounds
 n - 2 potions of mutation
 o - 2 potions of might
 p - a potion of degeneration {unknown}
 s - 2 potions of brilliance {unknown}
 w - 3 potions of curing
 E - a potion of ambrosia {unknown}
 G - 3 potions of flight
 K - a potion of berserk rage {unknown}
 R - a potion of haste {unknown}


   Skills:
 - Level 5.0 Fighting
 - Level 5.0 Dodging
 - Level 2.0 Stealth
 - Level 2.0 Spellcasting
 + Level 10.2 Conjurations
 - Level 1.0 Hexes
 - Level 5.0 Summonings
 * Level 12.1 Fire Magic


You had one spell level left.
You knew the following spells:

 Your Spells              Type           Power      Damage    Failure   Level
a - Foxfire               Conj/Fire      100%       2x1d9     1%          1
b - Scorch                Fire           100%       2d9       1%          2
c - Inner Flame           Hex/Fire       35%        N/A       1%          3
d - Flame Wave            Conj/Fire      55%        2d13      1%          4
e - Call Imp              Summ           54%        N/A       1%          2

Your spell library contained the following spells:

 Spells                   Type           Power      Damage    Failure   Level
 Magic Dart               Conj           100%       1d8       1%          1
 Volatile Blastmotes      Fire/Tloc      64%        2d15      1%          3
 Mephitic Cloud           Conj/Pois/Air  19%        N/A       3%          3
 Tukima's Dance           Hex            7%         N/A       9%          3
 Portal Projectile        Hex/Tloc       10%        N/A       11%         3
 Ozocubu's Armour         Ice            2%         N/A       13%         3
 Animate Armour           Summ/Erth      30%        N/A       16%         4
 Iron Shot                Conj/Erth      14%        9d4       61%         6
 Blade Hands              Tmut           1%         N/A       73%         5
 Ozocubu's Refrigeration  Ice            1%         4d7       100%        7


Dungeon Overview and Level Annotations

Branches:
Dungeon (9/15)             Temple (1/1) D:4
   Lair: D:8-11         Orc: D:9-12

Altars:
Ashenzari
Cheibriados
Dithmenos
Elyvilon
Fedhas
Gozag
Hepliaklqana
Kikubaaqudgha
Makhleb
Nemelex Xobeh
Okawaru
Qazlal
Ru
Sif Muna
Trog
Uskayaw
Vehumet
Wu Jian
Xom
Yredelemnul
Zin
The Shining One

Annotations:
D:6 exclusion: downstairs
D:8 exclusion: downstairs
D:9 Erolcha


Innate Abilities, Weirdness & Mutations

You have a beak for a mouth.
You have claws for feet.
Your magical nature lets you fly swiftly and evasively.


Message History

Casting: Scorch (safe; 1% risk of failure)
Confirm with . or Enter, or press ? or * to list all spells.
Flames lash the centaur.
The centaur is burned terribly!
You kill the centaur!
Qazlal accepts your kill.
You start resting.
A freezing wraith comes into view.
A freezing wraith is nearby!
Casting: Scorch (safe; 1% risk of failure)
Confirm with . or Enter, or press ? or * to list all spells.
Flames lash the freezing wraith.
The freezing wraith is burned terribly!
The freezing wraith is lightly damaged.
The freezing wraith's fire resistance burns away.
Casting: Scorch (safe; 1% risk of failure)
Confirm with . or Enter, or press ? or * to list all spells.
You don't have enough magic to cast this spell.
Unknown command.
Casting: Scorch (safe; 1% risk of failure)
Confirm with . or Enter, or press ? or * to list all spells.
You conjure some foxfire!
The foxfire hits the freezing wraith but does no damage.
The freezing wraith is lightly damaged.
The foxfire hits the freezing wraith but does no damage.
The freezing wraith is lightly damaged.
You block the freezing wraith's attack. The freezing wraith barely misses you.
You closely miss the freezing wraith. Your kick misses the freezing wraith.
The freezing wraith is lightly damaged.
The freezing wraith is no longer more vulnerable to fire.
The freezing wraith misses you. The freezing wraith hits you!
* * * LOW HITPOINT WARNING * * *
The freezing wraith drains your vigour!
You feel yourself slow down.
Unknown command.
You feel much better. The freezing wraith hits you!
* * * LOW HITPOINT WARNING * * *
The freezing wraith freezes you!
* * * LOW HITPOINT WARNING * * *
The freezing wraith misses you. The freezing wraith hits you.
* * * LOW HITPOINT WARNING * * *
The freezing wraith freezes you!
You die...

...▒▒.......▒.▒▒▒...▒
...▒▒.......▒.▒ ...▒
...▒▒.......▒.▒▒▒[..▒
...▒▒.......▒.......▒
............▒.......▒
...▒▒......c).).....▒
...▒ .....▒▒▒.....▒
..... ▒▒W...▒ ...▒
▒Q...▒ ... ▒$...▒ ..
▒▒▒▒..▒ ▒.▒ .▒ ▒


You could see a freezing wraith.

Vanquished Creatures
  A centaur warrior (D:9)
  2 two-headed ogres (D:8)
  A manticore (D:7)
  An ugly thing (D:7)
  A troll (D:7)
  A wyvern (D:6)
  2 water moccasins
  An orc warrior (D:6)
  3 ice beasts
  A sky beast (D:7)
  2 ogres
  A centaur (D:9)
  A kobold brigand (D:9)
  4 bullfrogs
  3 scorpions
  9 howler monkeys
  4 jellies
  An orc priest (D:6)
  2 hounds
  A gnoll bouda (D:8)
  2 orc wizards
  A sleepcap (D:7)
  3 iguanas
  19 gnolls
  3 adders
  A shadow imp (D:7)
  A white imp (D:6)
  2 ufetubi
  A worm (D:2)
  3 dart slugs
  19 orcs
  5 ball pythons
  2 endoplasms (D:1)
  2 giant cockroaches
  5 goblins
  5 hobgoblins
  9 jackals
  6 quokkas
  7 bats
  10 kobolds
  7 rats (D:1)
155 creatures vanquished.

Vanquished Creatures (collateral kills)
  A gnoll (D:8)
  2 foxfires (D:2)
3 creatures vanquished.

Vanquished Creatures (others)
  337 foxfires
337 creatures vanquished.

Grand Total: 495 creatures vanquished

Notes
Turn   | Place    | Note
-------+----------+-------------------------------------------
     0 | D:1      | shmup the Tengu Fire Elementalist began the quest for the
                  | Orb.
     0 | D:1      | Reached XP level 1. HP: 10/10 MP: 4/4
   123 | D:1      | Reached XP level 2. HP: 15/15 MP: 0/6
   128 | D:1      | Learned a level 2 spell: Scorch
   378 | D:1      | Reached skill level 4 in Fire Magic
   552 | D:1      | Reached XP level 3. HP: 18/19 MP: 7/7
  1494 | D:2      | Reached XP level 4. HP: 24/24 MP: 5/8
  2191 | D:3      | Reached skill level 5 in Fire Magic
  2924 | D:4      | Found a staircase to the Ecumenical Temple.
  2924 | D:4      | Noticed a scorpion
  2933 | D:4      | Killed a scorpion
  2934 | D:4      | Gained mutation: Your magical nature lets you fly swiftly
                  | and evasively. [Tengu growth]
  2934 | D:4      | Reached XP level 5. HP: 17/28 MP: 2/9
  3462 | D:4      | Reached skill level 6 in Fire Magic
  3468 | D:4      | Reached XP level 6. HP: 32/32 MP: 4/10
  3881 | D:5      | Entered Level 5 of the Dungeon
  3989 | D:5      | Identified the amulet of Nobility {Reflect Rampage Str+4
                  | SH+5 Stlth+}
  4124 | D:5      | Reached skill level 5 in Conjurations
  4429 | D:5      | Reached skill level 7 in Fire Magic
  4528 | D:5      | Reached XP level 7. HP: 29/36 MP: 8/11
  4942 | D:5      | Learned a level 3 spell: Inner Flame
  4947 | D:5      | Learned a level 4 spell: Flame Wave
  5273 | D:5      | Reached skill level 8 in Fire Magic
  5310 | D:5      | Reached skill level 1 in Hexes
  5438 | D:5      | Reached XP level 8. HP: 41/41 MP: 9/12
  6037 | D:6      | Reached skill level 1 in Fighting
  6454 | D:6      | Noticed a wyvern
  6529 | D:6      | Reached skill level 9 in Fire Magic
  6692 | D:6      | Killed a wyvern
  7559 | D:7      | Reached XP level 9. HP: 49/49 MP: 7/13
  7740 | D:7      | Found an ancient bone altar of Kikubaaqudgha.
  7740 | D:7      | Noticed a manticore
  7797 | D:7      | Killed a manticore
  7798 | D:7      | Reached skill level 10 in Fire Magic
  7799 | D:7      | Noticed a troll
  7804 | D:7      | Killed a troll
  8091 | D:7      | Noticed a green ugly thing
  8098 | D:7      | Killed a green ugly thing
  8099 | D:7      | Reached skill level 5 in Dodging
  8099 | D:7      | Reached skill level 11 in Fire Magic
  8571 | D:7      | Learned a level 2 spell: Call Imp
  8921 | D:8      | Reached skill level 1 in Summonings
  8939 | D:8      | Reached XP level 10. HP: 58/58 MP: 2/14
  8987 | D:8      | Noticed a two-headed ogre
  9224 | D:8      | Noticed a two-headed ogre
  9233 | D:8      | Killed a two-headed ogre
  9235 | D:8      | Killed a two-headed ogre
  9758 | Temple   | Entered the Ecumenical Temple
  9759 | Temple   | Found a transporter.
  9759 | Temple   | Found a transporter.
  9761 | Temple   | Found a transporter.
  9761 | Temple   | Found a transporter.
  9777 | Temple   | Became a worshipper of Qazlal Stormbringer
  9919 | D:9      | Noticed Erolcha
  9961 | D:9      | Reached skill level 5 in Fighting
 10101 | D:9      | Found a sacrificial altar of Ru.
 10102 | D:9      | Found an ornate altar of the Wu Jian Council.
 10273 | D:9      | Noticed a centaur warrior
 10277 | D:9      | Killed a centaur warrior
 10278 | D:9      | Reached skill level 10 in Conjurations
 10278 | D:9      | Reached skill level 5 in Summonings
 10278 | D:9      | Reached skill level 12 in Fire Magic
 10287 | D:9      | HP: 2/59 [freezing wraith (6)]
 10287 | D:9      | Mangled by a freezing wraith

Illustrated notes

Levels and vault maps discovered:
D:1:      sevenhm_arrival_forest_fort_large_2, layout_rooms
D:2:      wad_lake_hut, layout_basic
D:3:      layout_rooms
D:4:      layout_loops_ring, minmay_temple_entry_hall
D:5:      layout_gridville, minmay_misc_feat_nine_boxes, nrook_uturn,
          minmay_misc_feat_room
D:6:      layout_gridville
D:7:      minmay_cornered_nines, layout_rooms, kiku_gazebo_pond_becter
D:8:      layout_rooms, grunt_decor_clamped
D:9:      layout_stronghold, gammafunk_temple_overflow_statue, enter_bailey_5,
          minmay_bent, uniq_erolcha
Temple:   hellmonk_temple_divided_pantheon

Skill      XL: |  1  2  3  4  5  6  7  8  9 10 |
---------------+-------------------------------+-----
Conjurations   | 2 3 4 5 6 7 9 10 | 10.2
Fire Magic     | 4 5 6 7 8 9 11 12 | 12.1
Hexes          | 1 |  1.0
Fighting       | 2 4 5 |  5.0
Dodging        | 3 5 |  5.0
Summonings     | 1 5 |  5.0
Stealth        | |  2.0
Spellcasting   | |  2.0

Action                     |  1- 3 |  4- 6 |  7- 9 | 10-12 || total
---------------------------+-------+-------+-------+-------++-------
  Melee: Dagger            |     6 |    12 |     2 |       ||    20
         Kick              |     2 |     5 |     3 |     6 ||    16
         Peck              |     2 |     2 |     3 |     4 ||    11
         Dire flail        |       |       |    12 |    17 ||    29
   Cast: Foxfire           |    47 |    65 |    77 |    10 ||   199
         Scorch            |     2 |     8 |    52 |    18 ||    80
         Inner Flame       |       |       |     9 |     3 ||    12
         Call Imp          |       |       |     1 |     1 ||     2
    Use: Scroll            |       |     5 |     6 |       ||    11
         Potion            |       |       |       |     2 ||     2
   Stab: Sleeping          |       |     2 |       |       ||     2
 Armour: Robe              |     9 |     4 |     5 |     2 ||    20
  Dodge: Dodged            |    23 |    28 |    21 |    25 ||    97
  Block: Other             |       |     3 |    15 |     7 ||    25
         Reflection        |       |       |       |     2 ||     2
